AoeStats
← TAS69

MegaRandom

507097860Analyzed
4v4 RM · 15d ago on Sep 16, 2026· 36m 4s· 8 players
Game mode
Random Map
Map size
Large (8 player)
Population
200
Speed
Normal
Resources
Standard
Victory
Conquest
Starting age
Dark Age
Ending age
Imperial Age
RankedLock teamsTeams togetherTeam positionsShared explorationLock speedFull tech treeHidden civsTurbo modeCheats
Victory
Defeat
🇮🇹 Burmese · Italy
1264
+13
🇹🇷 Portuguese · Türkiye
1252
+14
🇬🇧 Bulgarians · United Kingdom
1236
+17
🇪🇸 Malay · Spain
1165
+18
🇱🇾 Persians · Libya
1276
-17
🇦🇷 Celts · Argentina
1221
-16
🇺🇸 Burgundians · United States
1205
-15
🇨🇿 Vikings · Czechia
1096
-29
Holyseeker
7:01 Loom
10:33 Feudal Age
16:15 Castle Age
14:43 Fletching
15:39 Padded Archer Armor
17:40 Horse Collar
20:52 Bodkin Arrow
21:59 Ballistics
25:34 Gold Mining
25:34 Stone Mining
26:39 Heavy Plow
26:57 Elite Skirmisher
28:16 Gold Shaft Mining
30:11 Wheelbarrow
33:13 Hand Cart
36:39 Bloodlines
36:26 Town Watch
Leon
6:53 Loom
9:15 Feudal Age
11:30 Double-Bit Axe
13:48 Horse Collar
19:35 Wheelbarrow
20:45 Bloodlines
20:26 Fletching
20:37 Padded Archer Armor
23:11 Castle Age
21:58 Bloodlines
21:54 Padded Archer Armor
24:04 Thumb Ring
23:58 Bodkin Arrow
24:07 Husbandry
28:00 Ballistics
31:38 Hand Cart
34:23 Leather Archer Armor
TAS69
4:16 Loom
11:29 Feudal Age
17:06 Castle Age
15:17 Double-Bit Axe
15:48 Fletching
17:40 Squires
24:57 Horse Collar
29:36 Forging
29:24 Pikeman
31:29 Bodkin Arrow
32:56 Wheelbarrow
34:32 Heavy Plow
35:21 Scale Barding Armor
35:48 Husbandry
twelve
6:35 Loom
9:29 Feudal Age
10:05 Double-Bit Axe
10:54 Horse Collar
16:13 Forging
19:42 Castle Age
18:48 Bloodlines
19:17 Gold Mining
20:37 Wheelbarrow
25:56 Heavy Plow
27:30 Town Watch
29:09 Husbandry
31:35 Iron Casting
31:52 Scale Barding Armor
32:57 Chain Barding Armor
Baja
6:17 Loom
9:46 Feudal Age
14:49 Double-Bit Axe
18:16 Castle Age
17:51 Fletching
18:17 Scale Barding Armor
19:05 Bodkin Arrow
22:57 Gold Mining
23:22 Bow Saw
25:22 Ballistics
25:54 Padded Archer Armor
28:39 Chain Barding Armor
30:01 Leather Archer Armor
heavensent
9:41 Loom
11:50 Feudal Age
17:24 Castle Age
15:38 Double-Bit Axe
15:36 Horse Collar
17:39 Scale Barding Armor
24:51 Wheelbarrow
25:10 Light Cavalry
27:43 Husbandry
28:54 Bow Saw
32:26 Hand Cart
Dragón-Malo
7:47 Loom
10:35 Feudal Age
8:56 Double-Bit Axe
12:30 Forging
13:34 Arson
13:51 Scale Mail Armor
16:03 Bow Saw
15:34 Horse Collar
15:45 Gold Mining
18:55 Wheelbarrow
18:23 Heavy Plow
19:56 Hand Cart
23:24 Castle Age
23:50 Hand Cart
26:54 Gold Shaft Mining
28:01 Stone Mining
29:27 Two-Man Saw
28:59 Crop Rotation
30:44 Stone Shaft Mining
34:11 Fletching
35:35 Chain Mail Armor
35:22 Squires
salah.7nwiji
5:31 Loom
8:22 Feudal Age
9:05 Double-Bit Axe
15:22 Horse Collar
17:28 Wheelbarrow
21:26 Castle Age
19:37 Stone Mining
22:13 Scale Barding Armor
27:51 Chain Barding Armor
27:47 Husbandry
27:58 Bloodlines
28:12 Bloodlines
29:41 Forging
30:31 Bow Saw
30:14 Gold Mining
32:08 Hand Cart
33:27 Iron Casting
33:17 Fletching
33:20 Elite Skirmisher
34:51 Bodkin Arrow
Connection lost

Rejoining the realm…

Still unreachable

The connection could not be restored.

Session expired

The server has moved on; the page needs a fresh start.